 Dungeon Crawl Stone Soup version 0.29-a0-352-g0917bc69df (webtiles) character file.

Game seed: 339763664221248667

161 croobank the Sneak (level 5, -7/31 HPs)
             Began as an Octopode Fire Elementalist on Apr 23, 2022.
             Mangled by Grinder (10 damage)
             ... on level 3 of the Dungeon.
             The game lasted 00:12:21 (3035 turns).

croobank the Sneak (Octopode Fire Elementalist)     Turns: 3035, Time: 00:12:21

Health: -7/31      AC:  1    Str:  7    XL:     5   Next: 42%
Magic:  0/9        EV: 13    Int: 19    God:
Gold:   14         SH:  0    Dex: 13    Spells: 0/9 levels left

rFire   . . .      SeeInvis .   a - +1 trident
rCold   . . .      Faith    .   (no shield)
rNeg    . . .      Spirit   .   (helmet restricted)
rPois   .          Reflect  .   e - amulet of regeneration
rElec   .          Harm     .   (no ring)
rCorr   .          Rampage  .   (no ring)
Will    .....                   (no ring)
Stlth   ++++......              (no ring)
HPRegen 0.90/turn               (no ring)
MPRegen 0.11/turn               (no ring)
                                (no ring)
                                (no ring)

@: no status effects
A: almost no armour, amphibious, 8 rings, camouflage 1, gelatinous body 1,
(nimble swimmer 1), tentacles
a: no special abilities


You were on level 3 of the Dungeon.
You visited 1 branch of the dungeon, and saw 4 of its levels.

You collected 168 gold pieces.
You spent 154 gold pieces at shops.

Inventory:

Hand Weapons
 a - a +1 trident (weapon)
 b - a +2 hunting sling of freezing
Missiles
 d - 7 poisoned darts
 i - 6 curare-tipped darts (quivered)
 j - 66 stones
 q - 6 boomerangs
Jewellery
 e - an amulet of regeneration (around mantle)
Wands
 h - a wand of charming (7)
Scrolls
 g - 3 scrolls of magic mapping
 r - 4 scrolls of identify
 s - a scroll of teleportation
Potions
 c - a potion of mutation
 f - 3 potions of curing {unknown}
 k - a potion of lignification {unknown}
 l - a potion of heal wounds {unknown}
 m - a potion of magic
 n - a potion of brilliance {unknown}
 o - a potion of attraction {unknown}
 p - a potion of cancellation {unknown}


   Skills:
 + Level 0.1 Fighting
 + Level 0.1 Slings
 + Level 2.9 Dodging
 + Level 4.2 Stealth
 + Level 2.8 Spellcasting
 + Level 2.3 Conjurations
 + Level 3.6 Fire Magic


You couldn't memorise any spells.
You knew the following spells:

 Your Spells              Type           Power      Damage    Failure   Level
a - Foxfire               Conj/Fire      56%        2x1d6     4%          1
b - Scorch                Fire           32%        2d7       5%          2
c - Flame Wave            Conj/Fire      14%        2d6       41%         4
d - Ensorcelled Hibernat  Hex/Ice        4%         N/A       24%         2

Your spell library contained the following spells:

 Spells                   Type           Power      Damage    Failure   Level
 Conjure Flame            Conj/Fire      14%        6-21      14%         3
 Inner Flame              Hex/Fire       9%         N/A       22%         3
 Passwall                 Tmut/Erth      1%         N/A       24%         2
 Swiftness                Air            2%         N/A       43%         3


Dungeon Overview and Level Annotations

Branches:
Dungeon (4/15)
 Temple: D:4-7

Altars:
The Shining One

Shops:
D:3 ?

Annotations:
D:3 Grinder
D:4 Menkaure


Innate Abilities, Weirdness & Mutations

You cannot wear most types of armour.
You are amphibious.
You can wear up to eight rings at the same time.
Your skin changes colour to match your surroundings (Stealth+).
Your rubbery body absorbs attacks. (AC +1, EV +1)
((You are camouflaged when in or above water. (Stealth+)))
You have tentacles for arms and can constrict up to eight enemies at once.


Message History

Flames lash Grinder.
Grinder is lightly wounded.
Grinder's fire resistance burns away.
Grinder gestures at you.
You suddenly lose the ability to move!
Grinder blinks!
Grinder is no longer more vulnerable to fire.
Grinder hits you!
You writhe in agony.
Grinder hits you.
You can move again.
Casting: Scorch (safe; 5% risk of failure)
Confirm with . or Enter, or press ? or * to list all spells.
Flames lash Grinder.
Grinder is lightly wounded.
Grinder's fire resistance burns away.
Grinder barely misses you.
Casting: Scorch (safe; 5% risk of failure)
Confirm with . or Enter, or press ? or * to list all spells.
Flames lash Grinder.
Grinder is burned terribly!
Grinder is moderately wounded.
Grinder misses you.
Casting: Scorch (safe; 5% risk of failure)
Confirm with . or Enter, or press ? or * to list all spells.
Flames lash Grinder.
Grinder is burned terribly!
Grinder is heavily wounded.
Grinder hits you.
Casting: Scorch (safe; 5% risk of failure)
Confirm with . or Enter, or press ? or * to list all spells.
Flames lash Grinder.
Grinder is burned terribly!
Grinder is almost dead.
Grinder gestures at you. Pain shoots through your body!
You barely miss Grinder. You grab Grinder.
Grinder is almost dead.
You constrict Grinder, but do no damage.
Grinder hits you!
* * * LOW HITPOINT WARNING * * *
You writhe in agony.
* * * LOW HITPOINT WARNING * * *
Grinder hits you!
You die...

##....# ######..†...#
#...# # # .#....#
#......# #...# #.##
.#....########.#'####
##### #.#≈
>##..........#.#.#
#.≈
.###########.#.#.#
###≈ .'...#
#....#.#.# #≈≈≈
.###.####....#.#.#
##≈≈# ##
#....'....#.#.######.
#..≈≈ #
######...##.5@.....'.
...≈≈≈ #
#)...###.######.
##.≈#≈ # ####.....#
...#≈≈ # #.##### #
...≈ # #.# #..#≈ #
#.# #.... # #.# .....
#### #.. . ...# ### #


You could see Grinder (combustible).

Vanquished Creatures
  A hound (D:1)
  2 adders (D:2)
  An adder zombie (D:4)
  2 worms
  10 dart slugs
  4 orcs (D:3)
  9 bats
  6 endoplasms
  3 giant cockroaches
  8 goblins
  7 hobgoblins
  2 jackals (D:1)
  2 quokkas
  4 ball pythons
  10 frilled lizards (D:2)
  4 kobolds
  2 rats
77 creatures vanquished.

Vanquished Creatures (collateral kills)
  A bat (D:3)
  A rat (D:3)
2 creatures vanquished.

Vanquished Creatures (others)
  133 foxfires
  7 plants (D:2)
140 creatures vanquished.

Grand Total: 219 creatures vanquished

Notes
Turn   | Place    | Note
-------+----------+-------------------------------------------
     0 | D:1      | croobank the Octopode Fire Elementalist began the quest for
                  | the Orb.
     0 | D:1      | Reached XP level 1. HP: 11/11 MP: 3/3
     0 | D:1      | Noticed a demonspawn
     0 | D:1      | Noticed a merfolk
     1 | D:1      | Noticed a minotaur zombie
     8 | D:1      | Noticed a felid
     9 | D:1      | Noticed a minotaur
    11 | D:1      | Noticed a barachi
    13 | D:1      | Noticed a minotaur zombie
    13 | D:1      | Noticed a merfolk zombie
    15 | D:1      | Noticed a demonspawn zombie
    17 | D:1      | Noticed a human
    21 | D:1      | Noticed a naga
   108 | D:1      | Reached XP level 2. HP: 17/17 MP: 0/5
   111 | D:1      | Learned a level 2 spell: Scorch
   159 | D:1      | Reached skill level 3 in Stealth
   658 | D:1      | Reached XP level 3. HP: 21/21 MP: 4/6
  1233 | D:2      | Reached XP level 4. HP: 27/27 MP: 5/7
  1238 | D:2      | Learned a level 4 spell: Flame Wave
  1383 | D:2      | Found a faded altar of an unknown god.
  1504 | D:2      | Identified the +2 ring mail of Purpose {rC+ rCorr Int+4}
  1800 | D:2      | Found a glowing golden altar of the Shining One.
  1861 | D:3      | Reached skill level 4 in Stealth
  1909 | D:3      | Reached XP level 5. HP: 31/31 MP: 6/9
  2283 | D:3      | Noticed Grinder
  2386 | D:3      | Learned a level 2 spell: Ensorcelled Hibernation
  2875 | D:4      | Noticed Menkaure
  2945 | D:3      | Found Qusche Qouk's Magic Scroll Boutique.
  2964 | D:3      | Bought a scroll of identify for 28 gold pieces
  2964 | D:3      | Bought a scroll of identify for 28 gold pieces
  2964 | D:3      | Bought a scroll of identify for 28 gold pieces
  2964 | D:3      | Bought a scroll of identify for 28 gold pieces
  2964 | D:3      | Bought a scroll of teleportation for 42 gold pieces
  3025 | D:3      | Paralysed by Grinder for 6 turns
  3035 | D:3      | Mangled by Grinder

Illustrated notes

Levels and vault maps discovered:
D:1:      shiori_arrival_whats_in_store_for_you, layout_basic
D:2:      layout_rooms, ebering_ecumenical_altar_hall, basic_altar,
          minmay_lizard_king
D:3:      kennysheep_slugbush, layout_basic, serial_shops,
          nicolae_shop_waterfront, uniq_grinder
D:4:      layout_loops_ring, nicolae_ru_awakened_eye, serial_undead,
          serial_undead_e, serial_undead_b, serial_undead_b, serial_undead_c,
          serial_undead_f, uniq_menkaure

Skill      XL: |  1  2  3  4 |
---------------+-------------+-----
Stealth        | 3 4 |  4.2
Conjurations   | 2 |  2.3
Fighting       | |  0.1
Slings         | |  0.1
Dodging        | |  2.9
Spellcasting   | |  2.8
Fire Magic     | |  3.6

Action                   |  1- 3 |  4- 6 || total
-------------------------+-------+-------++-------
Melee: Trident           |     1 |    12 ||    13
       Constrict         |       |     4 ||     4
       Tentacles         |       |     2 ||     2
 Cast: Foxfire           |    33 |    42 ||    75
       Scorch            |    10 |    26 ||    36
  Use: Scroll            |     1 |     5 ||     6
 Stab: Sleeping          |       |     2 ||     2
Armor: Skin              |     1 |     1 ||     2
Dodge: Dodged            |     4 |    31 ||    35

Table legend: (Time is in decaauts)
 A = Elapsed time spent in this place.
 B = Non-inter-level travel time spent in this place.
 C = Inter-level travel time spent in this place.
 D = Time resting spent in this place.
 E = Time spent auto-exploring this place.
 F = Levels seen in this place.
 G = Mean time per level.
                   A        B        C        D        E       F      G
               +--------+--------+--------+--------+--------+-----+--------+
         Total |   3040 |   2993 |     47 |    304 |   1682 |   4 |  760.0 |
       Dungeon |   3040 |   2993 |     47 |    304 |   1682 |   4 |  760.0 |
               +--------+--------+--------+--------+--------+-----+--------+

Top non-repeatable levels by time:
     D:3: 1031 daAuts
     D:1: 981 daAuts
     D:2: 907 daAuts
     D:4: 120 daAuts
